 Dungeon Crawl Stone Soup version 0.30-a0-652-gcc886f7154 (webtiles) character file.

Game seed: 16527305991337074749

976 wormed the Conjurer (level 8, -6/49 (52) HPs)
             Began as an Octopode Reaver on Jan 18, 2023.
             Mangled by a wight
             ... wielding a +2 scimitar
              (13 damage)
             ... on level 5 of the Dungeon.
             The game lasted 00:08:32 (4732 turns).

wormed the Conjurer (Octopode Reaver)               Turns: 4732, Time: 00:08:33

HP:   -6/49 (52)    AC:  1    Str: 12    XL:     8   Next: 16%
MP:   19/22         EV: 13    Int: 17    God:
Gold: 487           SH:  0    Dex: 10    Spells: 10/14 levels left

rFire   . . .      SeeInvis .      - Unarmed
rCold   . . .      Faith    .    (no shield)
rNeg    . . .      Spirit   .    (helmet restricted)
rPois   .          Reflect  .    q - amulet of regeneration
rElec   .          Harm     .    i - ring of magical power
rCorr   .          Rampage  .    (no ring)
Will    .....                    (no ring)
Stlth   ++                       (no ring)
HPRegen 1.08/turn                (no ring)
MPRegen 0.18/turn                (no ring)
                                 (no ring)
                                 (no ring)

@: very slightly contaminated, drained
A: almost no armour, amphibious, 8 rings, camouflage 1, gelatinous body 1,
(nimble swimmer 1), tentacles
a: no special abilities


You were on level 5 of the Dungeon.
You visited 1 branch of the dungeon, and saw 6 of its levels.
You also visited: Ossuary.

You collected 817 gold pieces.
You spent 330 gold pieces at shops.

Inventory:

Jewellery
 i - a ring of magical power (left tentacle)
 q - an amulet of regeneration (around mantle)
Scrolls
 e - 2 scrolls of poison
 f - 2 scrolls of enchant weapon
 g - a scroll of teleportation
 k - a scroll of amnesia
 m - 2 scrolls of fear
 o - a scroll of identify
 p - 2 scrolls of fog {unknown}
Potions
 a - a potion of ambrosia
 b - a potion of mutation
 c - 6 potions of degeneration {unknown}
 d - a potion of invisibility {unknown}
 h - 3 potions of curing {unknown}
 j - a potion of resistance {unknown}
 l - 2 potions of might {unknown}
 n - a potion of magic {unknown}
 r - a potion of brilliance
 s - a potion of lignification
 t - a potion of cancellation


   Skills:
 - Level 3.4 Fighting
 - Level 3.4 Dodging
 - Level 4.2 Unarmed Combat
 + Level 3.6 Spellcasting
 - Level 5.0 Conjurations
 * Level 4.6 Necromancy
 + Level 1.3 Transmutations
 + Level 1.6 Poison Magic


You had 10 spell levels left.
You knew the following spells:

 Your Spells              Type           Power      Damage    Failure   Level
a - Kiss of Death         Conj/Necr      76%        2d11      2%          1
b - Spider Form           Tmut/Pois      8%         N/A       26%         3

Your spell library contained the following spells:

 Spells                   Type           Power      Damage    Failure   Level
 Momentum Strike          Conj/Tloc      22%        3d8       9%          2
 Cigotuvi's Dreadful Rot  Necr/Pois/Air  20%        N/A       11%         2
 Hailstorm                Conj/Ice       11%        3d5       19%         3
 Eringya's Noxious Bog    Tmut/Pois      4%         N/A       100%        6


Dungeon Overview and Level Annotations

Branches:
Dungeon (6/15)            Ossuary (visited)
 Temple: D:4-7

Altars:
Ashenzari

Shops:
D:3 !   D:5 *:


Innate Abilities, Weirdness & Mutations

You cannot wear most types of armour.
You are amphibious.
You can wear up to eight rings at the same time.
Your skin changes colour to match your surroundings (Stealth+).
Your rubbery body absorbs attacks. (AC +1, EV +1)
((You are camouflaged when in or above water. (Stealth+)))
You have tentacles for arms and can constrict up to eight enemies at once.


Message History

An iguana comes into view.
You see here a wand of flame (16).
An iguana is nearby!
An iguana is nearby!
The wight attacks as you move away! The wight hits you with a +2 scimitar!
The wight attacks as you move away! The wight hits you with a +2 scimitar!
There is a stone staircase leading up, spattered with blood here.
The wight hits you with a +2 scimitar!
You climb upwards.
There is a stone staircase leading down here.
You closely miss the wight. You grab the wight. You squeeze the wight.
The wight is lightly damaged.
You constrict the wight, but do no damage.
The wight hits you with a +2 scimitar.
You feel drained.
You tentacle-slap the wight.
You squeeze the wight, but do no damage.
The wight is moderately damaged.
You constrict the wight, but do no damage.
The wight completely misses you.
You tentacle-slap the wight but do no damage.
The wight is moderately damaged.
You constrict the wight, but do no damage.
The wight hits you with a +2 scimitar!
Casting: Kiss of Death (safe; 2% risk of failure)
Confirm with . or Enter, or press ? or * to list all spells.
You can't see any susceptible monsters within range! (Use Z to cast anyway.)
You constrict the wight. The wight hits you with a +2 scimitar!
* * * LOW HITPOINT WARNING * * *
You feel drained.
* * * LOW HITPOINT WARNING * * *
Casting: Kiss of Death (safe; 2% risk of failure)
Confirm with . or Enter, or press ? or * to list all spells.
You can't see any susceptible monsters within range! (Use Z to cast anyway.)
Casting: Kiss of Death (safe; 2% risk of failure)
Confirm with . or Enter, or press ? or * to list all spells.
You miscast Spider Form.
You are very lightly contaminated with residual magic.
Nothing appears to happen.
You constrict the wight. The wight hits you with a +2 scimitar!
You die...

..........# #..........#
..........# #..........#
..........# #######..........#
..........# #.....'..........#
..........# #.#####..........#
##'######## #....##..........#
#.........# ####.##..........#
#.........######z##..........#
..........'.....@##'##########
#........[######.#.........#
##'#############.#.........#
#.########......'.........#
##.#...........#.#.........#
...#...........#.#.........#
#..#...........#.###########
#..#...........#.#.........#
#.^#...................###.#


You could see a wight.

Vanquished Creatures
  A black bear (D:4)
  2 ogres (D:4)
  An elf zombie (Ossuary)
  3 scorpions
  A howler monkey (D:5)
  2 human zombies (Ossuary)
  A hound (D:4)
  Crazy Yiuf (D:2)
  A jelly (D:6)
  2 iguanas (D:5)
  A hound zombie (Ossuary)
  3 mummies (Ossuary)
  4 gnolls (D:4)
  4 adders
  An ufetubus (D:5)
  4 adder zombies (Ossuary)
  A worm (D:4)
  3 dart slugs
  3 orcs
  4 ball pythons
  4 bats
  5 endoplasms
  2 giant cockroaches
  4 gnoll zombies (Ossuary)
  7 goblins
  11 hobgoblins
  2 jackals (D:1)
  8 kobolds
  3 quokkas
  3 frilled lizards
  3 goblin zombies (Ossuary)
  3 hobgoblin zombies (Ossuary)
  2 jackal zombies (Ossuary)
  5 kobold zombies (Ossuary)
  2 orc zombies (Ossuary)
  6 quokka zombies (Ossuary)
  3 rats
  5 rat zombies
121 creatures vanquished.

Vanquished Creatures (others)
  An ufetubus (D:6)
1 creature vanquished.

Grand Total: 122 creatures vanquished

Notes
Turn   | Place    | Note
-------+----------+-------------------------------------------
     0 | D:1      | wormed the Octopode Reaver began the quest for the Orb.
     0 | D:1      | Reached XP level 1. HP: 14/14 MP: 3/3
   263 | D:1      | Reached XP level 2. HP: 18/19 MP: 5/5
   563 | D:1      | You fall into a shaft and drop 1 floor!
   567 | D:2      | Found a runed translucent door.
   568 | D:2      | Noticed Crazy Yiuf
   895 | D:1      | Reached XP level 3. HP: 19/24 MP: 6/6
  1126 | D:2      | Reached skill level 1 in Necromancy
  1696 | D:2      | Killed Crazy Yiuf
  1697 | D:2      | Reached XP level 4. HP: 24/28 MP: 5/7
  1714 | D:2      | Identified a scroll of acquirement
  1714 | D:2      | Acquired 431 gold pieces
  1748 | D:3      | Noticed a scorpion
  1753 | D:3      | Killed a scorpion
  1754 | D:3      | Reached XP level 5. HP: 18/31 MP: 3/8
  2019 | D:3      | Found Afeal's Distillery.
  2548 | D:4      | Identified the +2 pair of boots of Mezcal {rElec Str-4
                  | Int+7 Dex+2}
  2566 | D:4      | Reached skill level 4 in Conjurations
  2572 | D:4      | Reached XP level 6. HP: 31/41 MP: 6/10
  2648 | D:4      | Noticed a black bear
  2654 | D:4      | Killed a black bear
  2794 | D:4      | Found a sand-covered staircase.
  2832 | Ossuary  | Entered an ossuary
  2854 | Ossuary  | Reached XP level 7. HP: 46/46 MP: 11/11
  3858 | D:4      | Reached skill level 5 in Conjurations
  3912 | D:5      | Entered Level 5 of the Dungeon
  3912 | D:5      | Found a broken altar of Ashenzari.
  4001 | D:5      | Got the Directory of the Snake
  4007 | D:5      | Found Wyfelaa's Tremendous Tomes.
  4022 | D:5      | Learned a level 3 spell: Spider Form
  4204 | D:5      | Reached skill level 1 in Poison Magic
  4204 | D:5      | Reached XP level 8. HP: 51/52 MP: 13/13
  4259 | D:5      | Found Teczuy's Neck Hole.
  4268 | D:5      | Bought an amulet of regeneration for 330 gold pieces
  4353 | D:5      | Reached skill level 1 in Transmutations
  4732 | D:5      | Mangled by a wight

Illustrated notes

Levels and vault maps discovered:
D:1:      zelgadis_glass_arrival_small, layout_loops_corners
D:2:      layout_basic, uniq_crazy_yiuf_cottage
D:3:      layout_loops_ring, serial_shops, shop
D:4:      layout_loops_ring, enter_ossuary_3
D:5:      layout_basic, amcnicky_altar_gilded, nicolae_shop_i_like_big_books,
          nicolae_shop_sticking_my_neck_out
D:6:      layout_cave_pools, mainiacjoe_overflow_alcove_4, lemuel_flamethrower_2

Skill      XL: |  1  2  3  4  5  6  7  8 |
---------------+-------------------------+-----
Necromancy     | 1 2 3 4 |  4.6
Conjurations   | 4 5 |  5.0
Fighting       | 3 |  3.4
Dodging        | 3 |  3.4
Spellcasting   | 3 |  3.6
Unarmed Combat | 4 |  4.2
Poison Magic   | 1 |  1.6
Transmutations | 1 |  1.3

Action                   |  1- 3 |  4- 6 |  7- 9 || total
-------------------------+-------+-------+-------++-------
Melee: Unarmed           |    87 |    84 |   164 ||   335
       Constrict         |    18 |    21 |    49 ||    88
       Tentacles         |    14 |    19 |    62 ||    95
       Punch             |     2 |     4 |     9 ||    15
 Cast: Kiss of Death     |     1 |     4 |       ||     5
  Use: Scroll            |     4 |     2 |     9 ||    15
 Stab: Sleeping          |    10 |     5 |     7 ||    22
Armor: Skin              |    10 |     2 |     8 ||    20
Dodge: Dodged            |    43 |    58 |    65 ||   166

Table legend: (Time is in decaauts)
 A = Elapsed time spent in this place.
 B = Non-inter-level travel time spent in this place.
 C = Inter-level travel time spent in this place.
 D = Time resting spent in this place.
 E = Time spent auto-exploring this place.
 F = Levels seen in this place.
 G = Mean time per level.
                   A        B        C        D        E       F      G
               +--------+--------+--------+--------+--------+-----+--------+
         Total |   4707 |   4534 |    173 |      0 |   3711 |   7 |  672.4 |
       Dungeon |   4146 |   3973 |    173 |      0 |   3332 |   6 |  691.0 |
       Ossuary |    561 |    561 |      0 |      0 |    379 |   1 |  561.0 |
               +--------+--------+--------+--------+--------+-----+--------+

Top non-repeatable levels by time:
     D:1: 1047 daAuts
     D:4: 873 daAuts
     D:3: 719 daAuts
     D:5: 696 daAuts
     D:2: 687 daAuts
 Ossuary: 561 daAuts
     D:6: 120 daAuts
